 Dungeon Crawl Stone Soup version 0.23.0-3-gf3c87f2 (webtiles) character file.

Game seed: 5565907805241714420

128 Fang the Skirmisher (level 5, -2/33 HPs)
             Began as a Gargoyle Berserker on Feb 21, 2019.
             Was a Believer of Trog.
             Slain by an adder (3 damage)
             ... on level 2 of the Dungeon on Feb 22, 2019.
             The game lasted 00:07:45 (1338 turns).

Fang the Skirmisher (Gargoyle Berserker)            Turns: 1338, Time: 00:07:46

Health: -2/33      AC: 15    Str: 22    XL:     5   Next: 12%
Magic:  5/5        EV:  7    Int:  7    God:    Trog [**....]
Gold:   105        SH:  0    Dex:  9    Spells: 4/4 levels left

rFire    . . .     SeeInvis .   a - +0 hand axe
rCold    . . .     Gourm    .   (no shield)
rNeg     + . .     Faith    .   i - +0 plate armour
rPois    ∞         Spirit   .   (no helmet)
rElec    +         Reflect  .   (no cloak)
rCorr    .         Harm     .   (no gloves)
MR       .....                  (no boots)
Stlth    ..........             (no amulet)
HPRegen  0.11/turn              e - ring of fire
MPRegen  0.09/turn              g - ring of ice

@: no status effects
A: negative energy resistance 1, electricity resistance, unbreathing,
petrification resistance, rot immunity, AC +4
a: Berserk, Trog's Hand, Renounce Religion


You were on level 2 of the Dungeon.
You worshipped Trog.
Trog was pleased with you.
You were not hungry.

You visited 1 branch of the dungeon, and saw 2 of its levels.

You collected 105 gold pieces.

Inventory:

Hand Weapons
 a - a +0 hand axe (weapon)
Armour
 i - a +0 plate armour (worn)
Jewellery
 e - a ring of fire (left hand)
 g - a ring of ice (right hand)
Potions
 d - a potion of magic {unknown}
 h - a potion of ambrosia {unknown}
Comestibles
 c - 2 rations
 f - 6 chunks of flesh


   Skills:
 + Level 4.2 Fighting
 + Level 3.4 Axes
 + Level 3.3 Armour
 + Level 2.4 Dodging


You had 4 spell levels left.
You didn't know any spells.
Your spell library was empty.

Dungeon Overview and Level Annotations

Branches:
Dungeon (2/15)

Altars:
Qazlal
Vehumet
Xom

Annotations:
D:2 Sigmund


Innate Abilities, Weirdness & Mutations

You are resistant to torment.
Your stone body is resilient. (AC +4)
You are immune to poison.
You resist negative energy. (rN+)
You are resistant to electric shocks. (rElec)
You can survive without breathing.
You are immune to petrification.
You are immune to rotting.


Message History

Your plate armour prevents you from hitting the adder.
The adder bites you but does no damage. The adder bites you.
* * * LOW HITPOINT WARNING * * *
You closely miss the adder. The adder bites you but does no damage.
You closely miss the adder. The adder barely misses you.
The adder bites you but does no damage.
You barely miss the adder. Something hits you but does no damage.
The adder bites you but does no damage.
You hit the adder but do no damage. The adder barely misses you.
Something hits you but does no damage.
You miss the adder. The adder barely misses you. The adder closely misses you.
Your plate armour prevents you from hitting the adder.
Something hits you but does no damage. The adder bites you but does no damage.
You hit the adder but do no damage. The adder closely misses you.
Something hits you but does no damage. The adder bites you but does no damage.
You hit the adder but do no damage. The adder barely misses you.
Something hits you!
* * * LOW HITPOINT WARNING * * *
You miss the adder. The adder bites you.
You die...

######## .......##########
................###
.......########.@.#
.......# ####S'####
.......# ##..{.....##
.......# ##..........##
.......# ##............#
.......###..............#
.......##................#
.......#.......%.....[....#
.......#..................#


You could see an adder.

Vanquished Creatures
  A bullfrog (D:2)
  An adder (D:2)
  A worm (D:2)
  3 dart slugs (D:1)
  3 leopard geckos
  A ball python (D:1)
  4 bats
  A goblin (D:1)
  4 hobgoblins
  11 jackals (D:1)
  2 quokkas (D:2)
  4 frilled lizards
  A kobold (D:2)
  7 rats
44 creatures vanquished.

Notes
Turn   | Place    | Note
-------+----------+-------------------------------------------
     0 | D:1      | Fang the Gargoyle Berserker began the quest for the Orb.
     0 | D:1      | Reached XP level 1. HP: 14/14 MP: 1/1
    40 | D:1      | Reached XP level 2. HP: 15/19 MP: 2/2
   419 | D:1      | Reached XP level 3. HP: 9/23 MP: 3/3
   799 | D:1      | Reached ** piety under Trog
  1144 | D:2      | Found a stormy altar of Qazlal.
  1146 | D:2      | Found a radiant altar of Vehumet.
  1147 | D:2      | Found a shimmering altar of Xom.
  1244 | D:2      | Reached XP level 4. HP: 19/29 MP: 4/4
  1296 | D:2      | Noticed a bullfrog
  1314 | D:2      | Killed a bullfrog
  1314 | D:2      | Reached skill level 4 in Fighting
  1314 | D:2      | Reached XP level 5. HP: 8/33 MP: 5/5
  1317 | D:2      | Noticed Sigmund
  1337 | D:2      | HP: 1/33 [something (7)]
  1338 | D:2      | Slain by an adder

Skill      XL: |  1  2  3  4 |
---------------+-------------+-----
Axes           | 3 |  3.4
Dodging        | 2 |  2.4
Armour         | 3 |  3.3
Fighting       | 4 |  4.2

Action                   |  1- 3 |  4- 6 || total
-------------------------+-------+-------++-------
Melee: Hand axe          |   133 |    36 ||   169
 Stab: Sleeping          |     1 |       ||     1
  Eat: Chunk             |     1 |     1 ||     2
Armor: Animal skin       |    46 |       ||    46
       Plate armour      |    16 |    50 ||    66
Dodge: Dodged            |    83 |    19 ||   102
